 Dungeon Crawl Stone Soup version 0.30.0-29-ga12c61a403 (webtiles) character file.

Game seed: 18087506227765820323

91 Ijustatesigmund the Stinger (level 4, -1/28 HPs)
             Began as an Octopode Venom Mage on June 15, 2023.
             Slain by a goblin
             ... wielding a +0 dagger
             ... led by Robin
              (4 damage)
             ... on level 2 of the Dungeon.
             The game lasted 00:03:32 (2200 turns).

Ijustatesigmund the Stinger (Octopode Venom Mage)   Turns: 2200, Time: 00:03:32

Health: -1/28      AC:  1    Str:  7    XL:     4   Next: 57%
Magic:  6/8        EV: 13    Int: 19    God:
Gold:   77         SH:  0    Dex: 12    Spells: 2/8 levels left

rFire   + . .        d - +0 hand axe
rCold   + . .        (no shield)
rNeg    . . .        (helmet restricted)
rPois   +            (no amulet)
rElec   +            (no ring)
rCorr   +            (no ring)
SInv    .            (no ring)
Will    .....        (no ring)
Stlth   +++          (no ring)
HPRegen 0.24/turn    (no ring)
MPRegen 0.11/turn    (no ring)
                     (no ring)

%: no passive effects
@: resistant
A: almost no armour, amphibious, 8 rings, camouflage 1, gelatinous body 1,
(nimble swimmer 1), tentacles
a: no special abilities


You were on level 2 of the Dungeon.
You visited 1 branch of the dungeon, and saw 2 of its levels.

You collected 77 gold pieces.

Inventory:

Hand Weapons
 d - a +0 hand axe (weapon)
Missiles
 c - 3 curare-tipped darts (quivered)
Scrolls
 f - a scroll of immolation {unknown}
 h - a scroll of fear {unknown}
Potions
 b - a potion of ambrosia {unknown}
 i - a potion of invisibility {unknown}


   Skills:
 - Level 1.0 Fighting
 - Level 2.0 Dodging
 - Level 2.6 Stealth
 + Level 2.8 Spellcasting
 + Level 1.1 Conjurations
 - Level 1.0 Transmutations
 + Level 1.4 Air Magic
 + Level 4.5 Poison Magic


You had 2 spell levels left.
You knew the following spells:

 Your Spells              Type           Power      Damage    Failure   Level
a - Sting                 Tmut/Pois      52%        1d5       4%          1
b - Poisonous Vapours     Pois/Air       28%        N/A       7%          2
c - Mephitic Cloud        Conj/Pois/Air  11%        N/A       17%         3

Your spell library contained the following spells:

 Spells                   Type           Power      Damage    Failure   Level
 Olgreb's Toxic Radiance  Pois           19%        N/A       24%         4
 Volatile Blastmotes      Fire/Tloc      4%         2d10      43%         3
 Fulminant Prism          Conj/Hex       2%         3d5       77%         4
 Iskenderun's Mystic Bla  Conj/Tloc      4%         2d3       77%         4
 Lee's Rapid Deconstruct  Erth           1%         3d4*      99%         5


Dungeon Overview and Level Annotations

Branches:
Dungeon (2/15)

Altars:

Annotations:
D:2 Robin


Innate Abilities, Weirdness & Mutations

You cannot wear most types of armour.
You are amphibious.
You can wear up to eight rings at the same time.
Your skin changes colour to match your surroundings (Stealth+).
Your rubbery body absorbs attacks. (AC +1, EV +1)
((You are camouflaged when in or above water. (Stealth+)))
You have tentacles for arms and can constrict up to eight enemies at once.


Message History

You hit the goblin.
You kill the goblin!
You closely miss the goblin. You hit the goblin but do no damage.
The goblin barely misses you. The goblin hits you with a +0 club.
You hit the goblin.
You kill the goblin!
You hit the goblin. You hit the goblin but do no damage.
The goblin hits you with a +0 dagger. The goblin hits you but does no damage.
The goblin closely misses you. x2
You barely miss the goblin. Your grab misses the goblin.
You squeeze the goblin, but do no damage.
The goblin is almost dead.
You hit Robin. You hit the goblin but do no damage.
A goblin comes into view. It is wielding a +0 club.
The goblin misses you. The goblin barely misses you.
You hit the goblin.
You kill the goblin!
You closely miss Robin. You hit the goblin but do no damage.
The goblin hits you with a +0 dagger.
Robin roars a battlecry!
The goblins go into a battle-frenzy!
You hit Robin but do no damage. Your grab misses Robin. You squeeze Robin!
Robin is heavily wounded.
You hit the goblin. x2; Robin throws the goblin at you!
The goblin hits you but does no damage. The goblin hits you with a +0 dagger.
Unknown command.
You barely miss Robin. You grab Robin. You squeeze Robin.
Robin is severely wounded.
You hit the goblin but do no damage. You hit the goblin.
You kill the goblin!
You barely miss the goblin. You constrict Robin, but do no damage.
The goblin hits you with a +0 club. The goblin hits you with a +0 dagger.
* * * LOW HITPOINT WARNING * * *
The goblin hits you with a +0 club.
* * * LOW HITPOINT WARNING * * *
The goblin misses you.
It was a potion of resistance.
You feel protected.
You constrict Robin. The goblin hits you with a +0 dagger.
You die...

#.###.##.# ##.....
#.##.....# ####.#
#.##..#### #..
#)##.....# ###
#)#..###.#
#.#.####.#
#........#
#####.###..########
#...g@g............
#.##)g###..#...###
......##....g..#
#..#.......†....#
#..###.##..$....#
#. ...##.S#...## ##
## .##..##.g.#
.##..#.g...#
..........#


You could see Robin and 2 goblins.

Vanquished Creatures
  3 gnolls (D:2)
  2 adders (D:2)
  3 endoplasms
  8 goblins
  10 hobgoblins
  A jackal (D:2)
  2 kobolds
  2 ball pythons
  A bat (D:1)
  A frilled lizard (D:1)
  6 rats
39 creatures vanquished.

Notes
Turn   | Place    | Note
-------+----------+-------------------------------------------
     0 | D:1      | Ijustatesigmund the Octopode Venom Mage began the quest for
                  | the Orb.
     0 | D:1      | Reached XP level 1. HP: 11/11 MP: 3/3
   273 | D:1      | Reached XP level 2. HP: 18/18 MP: 3/5
   452 | D:1      | Reached skill level 1 in Fighting
   457 | D:1      | Reached skill level 4 in Poison Magic
   655 | D:1      | Learned a level 2 spell: Poisonous Vapours
  1414 | D:2      | Reached XP level 3. HP: 22/23 MP: 3/6
  1418 | D:2      | Learned a level 3 spell: Mephitic Cloud
  1777 | D:2      | Reached skill level 1 in Air Magic
  1777 | D:2      | Noticed Robin
  1802 | D:2      | Reached XP level 4. HP: 9/28 MP: 4/8
  2038 | D:2      | Reached skill level 1 in Conjurations
  2200 | D:2      | Slain by a goblin

Illustrated notes

Levels and vault maps discovered:
D:1:      wheals_arrival_linesprint, layout_loops_cross
D:2:      layout_loops_ring, st_stairs_3, uniq_robin

Skill      XL: |  1  2  3  4 |
---------------+-------------+-----
Fighting       | 1 |  1.0
Poison Magic   | 4 |  4.5
Air Magic      | 1 |  1.4
Conjurations   | 1 |  1.1
Dodging        | |  2.0
Stealth        | |  2.6
Spellcasting   | |  2.8
Transmutations | |  1.0

Action                     |  1- 3 |  4- 6 || total
---------------------------+-------+-------++-------
  Melee: Unarmed           |     9 |       ||     9
         Constrict         |    10 |     6 ||    16
         Tentacles         |     7 |     5 ||    12
         Punch             |     2 |       ||     2
         Hand axe          |    36 |    24 ||    60
  Throw: Dart              |     1 |       ||     1
   Cast: Sting             |    13 |       ||    13
         Poisonous Vapours |     8 |     2 ||    10
         Mephitic Cloud    |     3 |     1 ||     4
    Use: Potion            |     1 |     1 ||     2
         Scroll            |     1 |       ||     1
   Stab: Sleeping          |     3 |       ||     3
 Armour: Skin              |     4 |     2 ||     6
  Dodge: Dodged            |    32 |    18 ||    50
